 Dungeon Crawl Stone Soup version 0.28.0-49-g6dfe1f597d (webtiles) character file.

Game seed: 8861707941170493395

7231 thiscave3701365 the Cleaver (level 10, -2/91 HPs)
             Began as a Minotaur Berserker on May 11, 2022.
             Was an Elder of Trog.
             Slain by an orc warrior
             ... wielding a +0 war axe
              (8 damage)
             ... in a bailey.
             The game lasted 00:17:04 (13330 turns).

thiscave3701365 the Cleaver (Minotaur Berserker)   Turns: 13330, Time: 00:17:06

Health: -2/91      AC: 19    Str: 31    XL:     10   Next: 88%
Magic:  9/9        EV:  8    Int:  4    God:    Trog [****..]
Gold:   511        SH:  8    Dex: 11    Spells: 9/9 levels left

rFire   . . .      SeeInvis .   a - +1 hand axe
rCold   . . .      Faith    .   e - +0 kite shield
rNeg    . . .      Spirit   .   v - +1 plate armour
rPois   .          Reflect  .   (helmet restricted)
rElec   .          Harm     .   (no cloak)
rCorr   .          Rampage  .   j - +0 pair of gloves
Will    .....                   f - +0 pair of boots
Stlth   ..........              (no amulet)
HPRegen 0.25/turn               i - +6 ring of strength
MPRegen 0.11/turn               (no ring)

@: on berserk cooldown, slowed, very slow
A: horns 2, retaliatory headbutt
a: Renounce Religion, Berserk, Trog's Hand, Brothers in Arms


You were in a bailey.
You worshipped Trog.
Trog was greatly pleased with you.
You visited 1 branch of the dungeon, and saw 10 of its levels.
You also visited: Sewer and Bailey.

You collected 511 gold pieces.

Inventory:

Hand Weapons
 a - a +1 hand axe (weapon)
Armour
 e - a +0 kite shield (worn)
 f - a +0 pair of boots (worn)
 j - a +0 pair of gloves (worn)
 v - a +1 plate armour (worn)
 A - the +2 chain mail of the Amoeba {rC- Regen+ Int+5}
   (You found it on level 8 of the Dungeon)

   Int:       It affects your intelligence (+5).
   rC:        It makes you vulnerable to cold.
   Regen:     It increases your rate of health regeneration.
Jewellery
 h - a ring of see invisible
 i - a +6 ring of strength (left hand)
Wands
 w - a wand of polymorph (15)
 y - a wand of flame (18)
 C - a wand of acid (11)
 D - a wand of charming (9)
Scrolls
 g - a scroll of enchant weapon
 n - 4 scrolls of teleportation
 q - 2 scrolls of vulnerability
Potions
 b - 2 potions of mutation {unknown}
 c - 6 potions of curing
 d - 4 potions of brilliance
 k - 2 potions of lignification
 l - 2 potions of attraction
 m - 2 potions of haste {unknown}
 o - a potion of berserk rage {unknown}
 p - a potion of resistance {unknown}
 s - a potion of ambrosia {unknown}
 u - a potion of heal wounds {unknown}
 z - 2 potions of cancellation {unknown}


   Skills:
 + Level 9.3 Fighting
 + Level 12.4 Axes
 + Level 11.9 Armour
 + Level 4.6 Dodging
 + Level 2.6 Stealth
 + Level 3.6 Shields


You had 9 spell levels left.
You didn't know any spells.
Your spell library was empty.

Dungeon Overview and Level Annotations

Branches:
Dungeon (10/15)            Temple (0/1) D:5           Sewer (visited)
 Bailey (1/1)
   Lair: D:8-11         Orc: D:9-12

Altars:
Kikubaaqudgha
Okawaru

Shops:
D:5 *   D:6 ?(*   D:9 =

Portals:
Abyss: D:5

Annotations:
D:5 2 transporters, qwertyui's ghost, novice MiFi
D:9 3 runed translucent doors, pkoi's ghost, novice DgGl


Innate Abilities, Weirdness & Mutations

You have a pair of horns on your head.
You reflexively headbutt those who attack you in melee.


Message History

Unknown command.
You are too injured to fight recklessly!
Unknown command.
You are too injured to fight recklessly!
Unknown command.
You are too injured to fight recklessly!
Unknown command.
You are too injured to fight recklessly!
Unknown command.
You hit the orc warrior. Your headbutt misses the orc warrior.
The orc warrior is lightly wounded.
You hit the orc warrior.
You feel sick. The orc warrior closely misses you.
The orc warrior barely misses you.
You hit the orc warrior but do no damage.
Your headbutt misses the orc warrior.
The orc warrior is lightly wounded.
You hit the orc warrior.
You feel sick.
The orc warrior hits you but does no damage.
You block the orc warrior's attack. x2
The orc warrior hits you but does no damage.
You slash the orc warrior!
The orc warrior is moderately wounded.
You closely miss the orc warrior.
You feel sick.
You are no longer poisoned.
The orc warrior hits you with a +0 broad axe!
* * * LOW HITPOINT WARNING * * *
The orc warrior hits you but does no damage.
You closely miss the orc warrior.
The orc warrior is moderately wounded.
You hit the orc warrior but do no damage.
The orc warrior hits you with a +0 broad axe.
* * * LOW HITPOINT WARNING * * *
The orc warrior hits you but does no damage.
You closely miss the orc warrior.
The orc warrior is moderately wounded.
You closely miss the orc warrior.
The orc warrior hits you with a +0 broad axe!
* * * LOW HITPOINT WARNING * * *
The orc warrior hits you with a +0 war axe!
You die...

#...# ####...####
##≈.......≈##
###≈≈...()..≈≈####
...≈≈...(...(≈....#
###≈≈...()(.≈≈###.#
...≈≈.......≈≈....
###≈≈.......≈≈###.
...≈≈..@....≈≈..
###≈≈.oo....≈≈###
...≈≈.......≈≈..
###≈≈.......≈≈##
..≈≈.......≈≈.
###≈≈.......≈≈#
##≈.......≈##
####'''####


You could see 2 orc warriors.

Vanquished Creatures
  Snorg (D:10)
  A tengu warrior (D:9)
  A komodo dragon (D:10)
  A troll (D:9)
  A hornet (D:9)
  14 yaks (D:10)
  A steam dragon (D:8)
  2 orc warriors (D:6)
  An ice beast (D:7)
  2 ogres
  6 centaurs
  A phantom (D:6)
  Blork the orc (D:5)
  9 kobold brigands
  2 bullfrogs
  A gnoll sergeant (D:8)
  A wyvern zombie (D:8)
  2 scorpions
  A water moccasin zombie (D:5)
  6 killer bees (D:9)
  3 howler monkeys (D:7)
  A centaur zombie (D:5)
  A bullfrog zombie (D:6)
  3 hounds
  2 orc priests
  A bullfrog skeleton (D:7)
  An iguana (D:5)
  An orc wizard (D:7)
  2 killer bee zombies
  A hound zombie (D:5)
  8 gnolls
  A howler monkey skeleton (D:3)
  6 adders
  3 river rats (Sewer)
  A shadow imp (D:5)
  2 white imps
  An ufetubus (D:4)
  An adder zombie (D:5)
  9 worms
  6 dart slugs
  21 orcs
  9 ball pythons
  7 bats
  9 endoplasms
  2 giant cockroaches (D:1)
  7 hobgoblins
  4 jackals (D:1)
  5 quokkas
  3 frilled lizards
  8 goblins
  23 kobolds
  10 rats
217 creatures vanquished.

Vanquished Creatures (others)
  11 fungi (D:6)
11 creatures vanquished.

Grand Total: 228 creatures vanquished

Notes
Turn   | Place    | Note
-------+----------+-------------------------------------------
     0 | D:1      | thiscave3701365 the Minotaur Berserker began the quest for
                  | the Orb.
     0 | D:1      | Reached XP level 1. HP: 19/19 MP: 0/0
   226 | D:1      | Reached skill level 4 in Axes
   246 | D:1      | Reached XP level 2. HP: 26/27 MP: 1/1
   723 | D:1      | Found a faded altar of an unknown god.
   857 | D:1      | Reached XP level 3. HP: 31/33 MP: 2/2
   944 | D:1      | Reached ** piety under Trog
  1606 | D:2      | Reached XP level 4. HP: 39/40 MP: 3/3
  1878 | D:2      | Reached skill level 5 in Axes
  2212 | D:3      | Found a glowing drain.
  2221 | Sewer    | Entered a sewer
  2443 | Sewer    | Noticed a kobold brigand
  2464 | Sewer    | Killed a kobold brigand
  2465 | Sewer    | Reached XP level 5. HP: 33/47 MP: 4/4
  2663 | Sewer    | Reached skill level 6 in Axes
  2663 | Sewer    | Reached skill level 1 in Stealth
  2663 | Sewer    | Reached XP level 6. HP: 26/53 MP: 5/5
  3771 | Sewer    | Reached skill level 5 in Fighting
  3771 | Sewer    | Reached skill level 7 in Axes
  3771 | Sewer    | Reached XP level 7. HP: 60/61 MP: 6/6
  4576 | D:4      | Found an iron altar of Okawaru.
  5116 | D:4      | Reached *** piety under Trog
  5117 | D:4      | Reached skill level 5 in Armour
  5234 | D:5      | Entered Level 5 of the Dungeon
  5535 | D:5      | Found a staircase to the Ecumenical Temple.
  5552 | D:5      | Found a transporter.
  5605 | D:5      | Reached skill level 8 in Axes
  5724 | D:5      | Noticed Blork the orc
  5730 | D:5      | Killed Blork the orc
  6010 | D:5      | Found Iwnael's Gadget Gallery.
  6135 | D:5      | Found a transporter.
  6145 | D:5      | Found a one-way gate to the infinite horrors of the Abyss.
  6504 | D:5      | Noticed qwertyui's ghost (novice MiFi)
  6683 | D:6      | Reached XP level 8. HP: 69/69 MP: 7/7
  6889 | D:6      | Found Asyahel's Weapon Emporium.
  7262 | D:6      | Reached skill level 9 in Axes
  7525 | D:6      | Found Usmoa's Magic Scroll Boutique.
  7738 | D:6      | Found Cuogylife's Assorted Antiques.
  8776 | D:7      | Reached XP level 9. HP: 78/78 MP: 8/8
  9539 | D:8      | Identified the +2 chain mail of the Amoeba {rC- Regen+
                  | Int+5}
  9599 | D:8      | Reached skill level 10 in Axes
  9601 | D:8      | Reached **** piety under Trog
  9931 | D:8      | Identified the +4 robe "Sorax" {rElec Str+3}
 11433 | D:9      | Found an ancient bone altar of Kikubaaqudgha.
 11507 | D:9      | Found a runed translucent gate.
 11508 | D:9      | Found a runed translucent gate.
 11509 | D:9      | Found a runed translucent gate.
 11511 | D:9      | Noticed a spectral wolf spider
 11511 | D:9      | Noticed pkoi's ghost (novice DgGl)
 11511 | D:9      | Noticed a spectral centaur warrior
 11511 | D:9      | Noticed a spectral centaur warrior
 11531 | D:9      | Noticed a troll
 11539 | D:9      | Killed a troll
 11847 | D:9      | Noticed a tengu warrior
 11864 | D:9      | Killed a tengu warrior
 11865 | D:9      | Reached skill level 11 in Axes
 11865 | D:9      | Reached skill level 10 in Armour
 11865 | D:9      | Reached skill level 1 in Shields
 12251 | D:9      | Reached XP level 10. HP: 88/88 MP: 9/9
 12311 | D:9      | Found Oreror's Jewellery Emporium.
 12709 | D:10     | Entered Level 10 of the Dungeon
 13021 | D:10     | Noticed Snorg
 13040 | D:10     | Killed Snorg
 13041 | D:10     | Reached skill level 12 in Axes
 13267 | D:10     | Found a flagged portal.
 13281 | Bailey   | Entered a bailey
 13330 | Bailey   | Slain by an orc warrior

Illustrated notes

Levels and vault maps discovered:
D:1:      scummos_arrival_gate, layout_basic,
          hellmonk_ecumenical_altar_pennies_from_heaven
D:2:      layout_loops_cross
D:3:      layout_rooms, cheibrodos_sewer_entry_sluice, serial_co_window_serial,
          co_window_paths_a, co_window_paths_a, co_window_paths_a,
          co_window_corner_a, co_window_corner_a, co_window_of_opportunity_b,
          co_window_broadway_b, co_window_broadway_c, co_window_2corner,
          glass_columns_b, glass_columns_c, glass_columns_a, glass_columns_a,
          glass_columns_a, ebering_dispersal_statue_hall
D:4:      layout_loops_ring, amcnicky_altar_gilded
D:5:      layout_layer_cave, minmay_temple_entry_mini_moons,
          gammafunk_ghost_abyssal_escape, nicolae_shop_gadgets,
          uniq_blork_the_orc
D:6:      layout_basic, serial_shops, shop_fountains, nicolae_square_shop,
          nicolae_shop_statue_plus, serial_aquarium, aquarium_bridge_square
          [aquarium_subvault_window, aquarium_subvault_wall,
          aquarium_subvault_wall, aquarium_subvault_bridge],
          aquarium_bridge_island_small [aquarium_subvault_small_open,
          aquarium_subvault_bridge, aquarium_subvault_bridge,
          aquarium_subvault_window, aquarium_subvault_wall], aquarium_window_1,
          aquarium_window_fake, aquarium_window_fake, aquarium_view_2d,
          aquarium_pool_1
D:7:      layout_gridville
D:8:      layout_loops_ring
D:9:      layout_roguey, nicolae_kikubaaqudgha_miasma_corner, serial_shops,
          nicolae_shop_behind_doors, gammafunk_ghost_necromancy,
          item_on_display_a
D:10:     layout_gridville, david_orc_1_choice, enter_bailey_4, billiards_dpeg,
          uniq_snorg
Bailey:   bailey_axe_3, bailey

Skill      XL: |  1  2  3  4  5  6  7  8  9 10 |
---------------+-------------------------------+-----
Axes           | 4 5 6 7 8 9 11 12 | 12.4
Fighting       | 4 5 6 8 9 |  9.3
Armour         | 3 4 5 8 10 11 | 11.9
Dodging        | 3 4 |  4.6
Stealth        | 1 2 |  2.6
Shields        | 1 3 |  3.6

Action                   |  1- 3 |  4- 6 |  7- 9 | 10-12 || total
-------------------------+-------+-------+-------+-------++-------
Melee: Hand axe          |    66 |   120 |   339 |   100 ||   625
       Headbutt          |     6 |    17 |    64 |    28 ||   115
       Punch             |     1 |     2 |     2 |       ||     5
Invok: Berserk           |       |     2 |    11 |     4 ||    17
  Use: Scroll            |     1 |     3 |     9 |     3 ||    16
Armor: Animal skin       |     2 |       |       |       ||     2
       Scale mail        |    10 |    35 |    48 |       ||    93
       Plate armour      |       |       |   153 |    60 ||   213
Dodge: Dodged            |    46 |    58 |   169 |    48 ||   321
Block: Kite shield       |       |       |    24 |    50 ||    74
